 Dungeon Crawl Stone Soup version 0.29.0-4-gdea44cf6ec (webtiles) character file.

Game seed: 14114770886267140578

87 greasedhog the Trooper (level 4, 0/30 HPs)
             Began as a Gargoyle Fighter on Aug 27, 2022.
             Slain by a black bear (2 damage)
             ... on level 5 of the Dungeon.
             The game lasted 00:01:53 (1733 turns).

greasedhog the Trooper (Gargoyle Fighter)           Turns: 1733, Time: 00:01:54

Health: 0/30       AC: 12    Str: 20    XL:     4   Next: 51%
Magic:  4/4        EV:  9    Int:  8    God:
Gold:   120        SH:  4    Dex: 11    Spells: 3/3 levels left

rFire   . . .      SeeInvis .   a - +0 flail
rCold   . . .      Faith    .   c - +0 buckler
rNeg    + . .      Spirit   .   b - +0 scale mail
rPois   ∞          Reflect  .   (no helmet)
rElec   +          Harm     .   (no cloak)
rCorr   .          Rampage  .   l - +1 pair of gloves
Will    +....                   (no boots)
Stlth   ..........              (no amulet)
HPRegen 0.10/turn               e - ring of willpower
MPRegen 0.09/turn               (no ring)

@: no status effects
A: sickness immunity, AC +3, negative energy resistance 1, electricity
resistance, torment resistance 1, petrification resistance
a: no special abilities


You were on level 5 of the Dungeon.
You visited 1 branch of the dungeon, and saw 4 of its levels.

You collected 120 gold pieces.

Inventory:

Hand Weapons
 a - a +0 flail (weapon)
Missiles
 k - 5 curare-tipped darts (quivered)
Armour
 b - a +0 scale mail (worn)
 c - a +0 buckler (worn)
 l - a +1 pair of gloves (worn)
Jewellery
 e - a ring of willpower (left hand)
 p - a +6 ring of intelligence
Scrolls
 j - a scroll of fear
 m - a scroll of amnesia
 n - 2 scrolls of magic mapping {unknown}
 o - a scroll of poison {unknown}
Potions
 d - a potion of might
 f - a potion of curing {unknown}
 g - a potion of degeneration {unknown}
 h - 2 potions of heal wounds {unknown}
 i - a potion of brilliance {unknown}
 q - 2 potions of mutation {unknown}


   Skills:
 * Level 4.6 Fighting
 * Level 3.5 Maces & Flails
 - Level 3.2 Armour
 - Level 3.2 Shields


You had 3 spell levels left.
You didn't know any spells.
Your spell library was empty.

Dungeon Overview and Level Annotations

Branches:
Dungeon (3/15)

Altars:
Makhleb


Innate Abilities, Weirdness & Mutations

You are immune to sickness and miasma.
Your stone body is resilient. (AC +3)
You are immune to poison.
You resist negative energy. (rN+)
You are resistant to electric shocks. (rElec)
You are resistant to unholy torment.
You are immune to petrification.


Message History

The black bear is moderately wounded.
The black bear barely misses you. The black bear claws you.
You block the black bear's attack.
You sock the black bear!
The black bear is severely wounded.
The black bear bites you. The black bear closely misses you.
The black bear claws you but does no damage.
You barely miss the black bear.
The black bear is severely wounded.
The black bear bites you but does no damage.
The black bear completely misses you. The black bear barely misses you.
You hit the black bear.
The black bear is almost dead.
The black bear goes berserk!
You hit the black bear.
The black bear is almost dead.
You block the black bear's attack.
The black bear claws you but does no damage.
The black bear claws you. You block the black bear's attack.
The black bear claws you. x2
You closely miss the black bear.
The black bear is almost dead.
The black bear bites you.
The black bear claws you but does no damage. x2
The black bear bites you but does no damage.
The black bear claws you but does no damage.
The black bear claws you.
The black bear bites you but does no damage.
The black bear claws you but does no damage.
The black bear claws you.
* * * LOW HITPOINT WARNING * * *
You barely miss the black bear.
The black bear is almost dead.
The black bear barely misses you.
The black bear claws you but does no damage.
The black bear closely misses you. The black bear bites you!
* * * LOW HITPOINT WARNING * * *
The black bear claws you but does no damage.
The black bear claws you.
You die...

#.#
#.###.#######
#...........#
#####h#####.#
#.# #.# #.#
#.# #.# #.#
#.#####.#
#...h@..#
#######.# ###


You could see a black bear (berserk).

Vanquished Creatures
  Terence (D:2)
  An adder (D:2)
  A gnoll (D:1)
  A dart slug (D:2)
  2 ball pythons
  An endoplasm (D:1)
  3 giant cockroaches
  6 goblins
  6 hobgoblins
  4 quokkas
  3 bats
  2 frilled lizards
  7 kobolds
  6 rats
44 creatures vanquished.

Notes
Turn   | Place    | Note
-------+----------+-------------------------------------------
     0 | D:1      | greasedhog the Gargoyle Fighter began the quest for the
                  | Orb.
     0 | D:1      | Reached XP level 1. HP: 14/14 MP: 1/1
   234 | D:1      | Reached XP level 2. HP: 15/20 MP: 2/2
   466 | D:1      | Reached XP level 3. HP: 24/24 MP: 3/3
   502 | D:1      | Reached skill level 4 in Fighting
  1289 | D:2      | Noticed Terence
  1294 | D:2      | Killed Terence
  1295 | D:2      | Reached XP level 4. HP: 30/30 MP: 4/4
  1463 | D:2      | Found a burning altar of Makhleb.
  1678 | D:3      | You fall into a shaft and drop 2 floors!
  1678 | D:5      | Entered Level 5 of the Dungeon
  1694 | D:5      | Noticed a black bear
  1733 | D:5      | Slain by a black bear

Illustrated notes

Levels and vault maps discovered:
D:1:      dpeg_arrival_circle_labyrinth_a, layout_basic
D:2:      layout_rooms, basic_altar, uniq_terence
D:3:      layout_rooms, gammafunk_ghost_smash
D:5:      layout_basic, serial_bayou_crossing

Skill      XL: |  1  2  3 |
---------------+----------+-----
Fighting       | 4 |  4.6
Maces & Flails | 3 |  3.5
Armour         | |  3.2
Shields        | |  3.2

Action                   |  1- 3 |  4- 6 || total
-------------------------+-------+-------++-------
Melee: Flail             |    96 |    34 ||   130
  Use: Scroll            |     2 |     1 ||     3
Armor: Scale mail        |    54 |    22 ||    76
Dodge: Dodged            |    60 |    14 ||    74
Block: Buckler           |    13 |     7 ||    20
